 Dungeon Crawl Stone Soup version 0.24.1 (webtiles) character file.

Game seed: 15675597266648405597, levelgen mode: deterministic

256 Descartes the Skirmisher (level 5, -3/46 HPs)
             Began as a Centaur Wanderer on Apr 4, 2020.
             Slain by a phantom (6 damage)
             ... on level 4 of the Dungeon.
             The game lasted 00:10:46 (2882 turns).

Descartes the Skirmisher (Centaur Wanderer)         Turns: 2882, Time: 00:10:47

Health: -3/46      AC:  8    Str: 21    XL:     5   Next: 92%
Magic:  7/7        EV:  5    Int: 11    God:
Gold:   108        SH:  0    Dex:  8    Spells: 6/7 levels left

rFire    . . .     SeeInvis .   a - +3 short sword
rCold    + . .     Gourm    .   (no shield)
rNeg     . . .     Faith    .   p - +0 chain mail {rC+}
rPois    .         Spirit   .   b - +0 helmet
rElec    .         Reflect  .   (no cloak)
rCorr    +         Harm     .   (no gloves)
MR       .....                  (no barding)
Stlth    ..........             (no amulet)
HPRegen  0.15/turn              h - ring of resist corrosion
MPRegen  0.10/turn              m - +5 ring of strength

@: very quick
A: large, hooves 3, deformed body, speed 2, tough skin 3
a: no special abilities


You were on level 4 of the Dungeon.
You were hungry.

You visited 1 branch of the dungeon, and saw 4 of its levels.

You collected 108 gold pieces.

Inventory:

Hand Weapons
 a - a +3 short sword (weapon)
Missiles
 g - 135 stones (quivered)
 i - 22 sling bullets
 l - 28 bolts
Armour
 b - a +0 helmet (worn)
 d - a +0 robe
 p - a +0 chain mail of cold resistance (worn)
 q - a cursed +0 shield
Jewellery
 h - a ring of resist corrosion (left hand)
 m - a +5 ring of strength (right hand)
Wands
 w - a wand of disintegration (6)
Scrolls
 c - 2 scrolls of teleportation
 e - a scroll of enchant weapon
 n - a scroll of fog
Potions
 j - a potion of agility {unknown}
 o - a potion of curing
 s - a potion of heal wounds {unknown}
 t - a potion of degeneration {unknown}
 u - a potion of resistance {unknown}
Comestibles
 f - 5 rations


   Skills:
 + Level 4.1 Fighting
 - Level 1.0 Short Blades
 + Level 2.0 Throwing
 + Level 1.1 Armour
 - Level 2.0 Stealth
 - Level 1.0 Shields
 + Level 1.6 Spellcasting
   Level 1.7 Conjurations
 + Level 2.0 Hexes
   Level 1.0 Earth Magic


You had 6 spell levels left.
You knew the following spells:

 Your Spells              Type           Power        Failure   Level  Hunger
a - Corona                Hex            #......      80%         1    ##.....

Your spell library contained the following spells:

 Spells                   Type           Power        Failure   Level  Hunger
 Portal Projectile        Hex/Tloc       #.....       99%         3    ####...


Dungeon Overview and Level Annotations

Branches:
Dungeon (4/15)
 Temple: D:4-7

Altars:


Innate Abilities, Weirdness & Mutations

You have hooves in place of feet.
Armour fits poorly on your strangely shaped body.
You cover ground very quickly.
You have extremely tough skin. (AC +3)


Message History

Your chain mail prevents you from hitting the phantom.
The phantom is severely damaged.
The phantom hits you.
* * * LOW HITPOINT WARNING * * *
The phantom blinks!
You barely miss the jackal. The jackal bites you.
* * * LOW HITPOINT WARNING * * *
The jackal completely misses you.
You barely miss the jackal. The jackal barely misses you.
Your chain mail prevents you from hitting the jackal.
Your kick misses the jackal. The jackal bites you.
* * * LOW HITPOINT WARNING * * *
You closely miss the phantom.
The phantom is severely damaged.
You closely miss the phantom.
The phantom is severely damaged.
The phantom hits you.
* * * LOW HITPOINT WARNING * * *
The phantom hits you.
You die...

#. #### .....#
#. ..#.# #.
#.#@# #.##.#W###
#.....Z..#
##......†.#
##.........# #
#.....#..†.#.#.#
.....#<#........
#.....#!...#....
##..(......#####


You could see a phantom and an adder skeleton.

Vanquished Creatures
  An orc priest (D:3)
  Terence (D:2)
  A worker ant (D:4)
  3 gnolls (D:3)
  3 adders
  3 oozes
  A worm (D:2)
  A dart slug (D:3)
  A leopard gecko (D:3)
  14 orcs (D:3)
  11 bats
  4 giant cockroaches (D:3)
  5 goblins
  12 hobgoblins
  10 jackals
  A quokka (D:2)
  5 frilled lizards
  5 kobolds
  7 rats
89 creatures vanquished.

Notes
Turn   | Place    | Note
-------+----------+-------------------------------------------
     0 | D:1      | Descartes the Centaur Wanderer began the quest for the Orb.
     0 | D:1      | Descartes set off with the following items: a +2 short
                  | sword, a scroll of teleportation, a +0 robe, a ration; and
                  | the following spell memorised: Corona; and the following
                  | spells available to memorise: Portal Projectile
     0 | D:1      | Reached XP level 1. HP: 19/19 MP: 1/1
   149 | D:1      | Reached XP level 2. HP: 22/26 MP: 2/2
   585 | D:1      | Reached XP level 3. HP: 28/31 MP: 3/3
  1325 | D:2      | Reached skill level 1 in Hexes
  1351 | D:2      | Noticed Terence
  1363 | D:2      | Killed Terence
  1363 | D:2      | Reached XP level 4. HP: 26/40 MP: 3/5
  1436 | D:2      | Reached skill level 1 in Spellcasting
  1900 | D:3      | Reached XP level 5. HP: 44/46 MP: 6/6
  2082 | D:3      | Reached skill level 4 in Fighting
  2442 | D:3      | Reached skill level 1 in Armour
  2836 | D:4      | Noticed a phantom
  2882 | D:4      | Slain by a phantom

Levels and vault maps discovered:
D:1:      elethiomel_arrival_maze, layout_basic, chequers_serial_rivers_room_a,
          chequers_arboretum, kennysheep_minor_cross
D:2:      layout_basic, uniq_terence
D:3:      layout_loops_cross, first_ration, minmay_misc_feat_secret_circle
D:4:      layout_loops_corners, old_standard_altar, st_stairs_14,
          elyvilon_altar_1, uniq_robin

Skill      XL: |  1  2  3  4  5 |
---------------+----------------+-----
Hexes          | 1 2 |  2.0
Spellcasting   | 1 |  1.6
Stealth        | 2 |  2.0
Fighting       | 4 |  4.1
Armour         | 1 |  1.1
Throwing       | 2 |  2.0
Short Blades   | |  1.0
Shields        | |  1.0
Conjurations   | |  1.7
Earth Magic    | |  1.0

Action                   |  1- 3 |  4- 6 || total
-------------------------+-------+-------++-------
Melee: Short sword       |   102 |   185 ||   287
       Kick              |    19 |    34 ||    53
  Use: Scroll            |       |     8 ||     8
       Potion            |       |     2 ||     2
  Eat: Chunk             |     1 |     3 ||     4
Armor: Robe              |    38 |       ||    38
       Chain mail        |       |   177 ||   177
Dodge: Dodged            |    52 |    53 ||   105
